AoeStats
← с упругой

Arena

509913126Analyzed
4v4 RM · 4d ago on Sep 28, 2026· 49m 8s· 8 players
Game mode
Random Map
Map size
Large (8 player)
Population
200
Speed
Normal
Resources
Standard
Victory
Conquest
Starting age
Dark Age
Ending age
Imperial Age
RankedLock teamsTeams togetherTeam positionsShared explorationLock speedFull tech treeHidden civsTurbo modeCheats
Victory
Defeat
🇷🇺 Bohemians · Russia
1521
+23
🇺🇸 Slavs · United States
1510
+23
🇨🇦 Georgians · Canada
1482
+24
🇧🇷 Bengalis · Brazil
1445
+25
🇺🇦 Khitans · Ukraine
1744
-26
🇨🇴 Bulgarians · Colombia
1687
-24
🇨🇳 Mongols · China
1676
-24
🇨🇳 Burmese · China
1601
-21
Plox
10:03 Feudal Age
14:10 Castle Age
12:33 Double-Bit Axe
12:44 Horse Collar
16:17 Loom
21:23 Wheelbarrow
21:01 Town Watch
22:02 Heavy Plow
28:22 Imperial Age
26:24 Scale Barding Armor
26:10 Fletching
26:33 Bloodlines
26:24 Husbandry
26:35 Stone Mining
26:38 Gold Mining
27:19 Forging
27:10 Scale Mail Armor
27:30 Chain Barding Armor
27:06 Bodkin Arrow
27:35 Ballistics
28:32 Stone Shaft Mining
28:35 Gold Shaft Mining
28:45 Masonry
29:16 Iron Casting
28:56 Chain Mail Armor
30:59 Blast Furnace
30:34 Plate Barding Armor
30:43 Bracer
31:31 Hand Cart
32:17 Plate Mail Armor
33:16 Crop Rotation
32:29 Elite Konnik
38:11 Squires
38:00 Gambesons
38:03 Arson
41:45 Pikeman
43:18 Elite Skirmisher
44:03 Thumb Ring
44:00 Padded Archer Armor
El Sobol
10:39 Feudal Age
14:43 Castle Age
12:48 Domestication
13:21 Double-Bit Axe
15:51 Bow Saw
20:25 Forging
21:56 Iron Casting
22:30 Scale Barding Armor
23:58 Gold Mining
34:05 Light Cavalry
35:00 Stone Mining
37:02 Wheelbarrow
37:01 Husbandry
37:23 Chain Barding Armor
38:17 Hand Cart
41:38 Imperial Age
39:47 Elite Skirmisher
40:18 Fletching
40:56 Bodkin Arrow
41:27 Ballistics
42:33 Bracer
43:35 Chemistry
42:10 Hussar
43:26 Plate Barding Armor
43:20 Padded Archer Armor
44:28 Leather Archer Armor
48:06 Two-Man Saw
47:54 Ring Archer Armor
第一滴血
10:50 Feudal Age
11:42 Horse Collar
14:30 Castle Age
16:03 Wheelbarrow
21:10 Heavy Plow
22:59 Hand Cart
22:54 Gold Mining
22:55 Stone Mining
27:25 Imperial Age
25:43 Gold Shaft Mining
24:56 Town Watch
24:56 Loom
25:57 Scale Mail Armor
26:08 Forging
26:39 Squires
25:59 Pikeman
27:08 Chain Mail Armor
27:29 Iron Casting
28:33 Bloodlines
28:23 Husbandry
27:50 Halberdier
28:59 Howdah
29:19 Conscription
30:10 Crop Rotation
31:42 Blast Furnace
30:45 Elite Battle Elephant
31:55 Scale Barding Armor
35:38 Chain Barding Armor
36:40 Coinage
37:03 Plate Barding Armor
36:59 Plate Mail Armor
38:29 Banking
38:24 Town Patrol
43:36 Light Cavalry
44:58 Man-at-Arms
45:23 Gambesons
45:05 Hussar
45:45 Long Swordsman
46:55 Two-Handed Swordsman
47:52 Fletching
48:20 Champion
Long-Long-Way
11:00 Feudal Age
12:16 Double-Bit Axe
14:34 Castle Age
13:04 Loom
15:21 Fletching
19:46 Bodkin Arrow
23:13 Padded Archer Armor
24:27 Bow Saw
26:31 Town Watch
31:36 Wheelbarrow
31:55 Horse Collar
34:13 Hand Cart
41:45 Imperial Age
39:49 Leather Archer Armor
39:55 Fortified Wall
40:42 Forging
40:38 Scale Barding Armor
41:31 Masonry
41:42 Ballistics
40:47 Elite Skirmisher
41:33 Thumb Ring
42:04 Husbandry
42:15 Bloodlines
41:26 Light Cavalry
42:30 Chain Barding Armor
42:46 Iron Casting
42:55 Parthian Tactics
41:53 Heavy Cavalry Archer
42:24 Hussar
44:50 Chemistry
43:41 Capped Ram
46:14 Bracer
OdinsProphet
9:57 Feudal Age
8:27 Loom
13:49 Castle Age
12:23 Double-Bit Axe
13:12 Horse Collar
17:30 Town Watch
23:15 Fletching
24:24 Bow Saw
24:36 Bodkin Arrow
25:52 Padded Archer Armor
27:04 Crossbowman
27:07 Elite Skirmisher
28:53 Wheelbarrow
28:57 Leather Archer Armor
31:35 Heavy Plow
31:36 Light Cavalry
32:27 Bloodlines
32:17 Husbandry
33:03 Ballistics
34:30 Scale Barding Armor
34:36 Forging
35:07 Gold Mining
38:39 Imperial Age
36:48 Chain Barding Armor
39:45 Conscription
39:20 Hussar
40:37 Capped Ram
43:57 Iron Casting
44:46 Elite Monaspa
46:34 Plate Barding Armor
47:01 Blast Furnace
46:54 Siege Ram
с упругой
12:06 Feudal Age
15:50 Castle Age
13:55 Double-Bit Axe
14:47 Horse Collar
16:48 Wheelbarrow
17:26 Fervor
17:32 Bow Saw
17:23 Heavy Plow
24:37 Loom
27:26 Imperial Age
24:44 Loom
25:15 Hand Cart
24:46 Town Watch
26:23 Chemistry
25:28 Padded Archer Armor
26:39 Leather Archer Armor
25:56 Pikeman
27:32 Forging
27:22 Scale Mail Armor
27:24 Squires
27:09 Arson
28:09 Masonry
27:27 Halberdier
28:46 Ring Archer Armor
28:52 Iron Casting
29:23 Chain Mail Armor
29:43 Iron Casting
30:15 Siege Engineers
32:19 Plate Mail Armor
32:35 Houfnice
34:20 Iron Casting
33:57 Man-at-Arms
35:13 Coinage
36:44 Murder Holes
36:27 Long Swordsman
37:16 Fletching
37:38 Fortified Wall
38:03 Ballistics
46:43 Town Patrol
47:20 Architecture
46:35 Arrowslits
48:31 Wagenburg Tactics
48:52 Conscription
48:37 Two-Handed Swordsman
Newlife
10:38 Feudal Age
14:58 Castle Age
13:20 Double-Bit Axe
13:40 Horse Collar
16:36 Bow Saw
22:06 Heavy Plow
28:36 Imperial Age
25:53 Loom
26:45 Wheelbarrow
26:37 Fortified Wall
26:37 Gold Mining
26:38 Stone Mining
27:43 Hand Cart
27:56 Husbandry
28:07 Bloodlines
28:07 Scale Barding Armor
28:13 Forging
30:07 Gold Shaft Mining
30:55 Two-Man Saw
30:17 Chain Barding Armor
30:33 Iron Casting
29:40 Elite Battle Elephant
30:32 Town Watch
31:37 Plate Barding Armor
31:38 Conscription
31:54 Paiks
33:29 Blast Furnace
32:30 Fletching
32:41 Padded Archer Armor
33:46 Chemistry
32:25 Elite Elephant Archer
33:54 Ballistics
36:09 Bodkin Arrow
38:56 Masonry
38:52 Siege Engineers
38:34 Arrowslits
38:39 Guard Tower
39:54 Mahayana
41:28 Bracer
41:44 Leather Archer Armor
42:03 Architecture
42:07 Coinage
41:37 Caravan
41:48 Guilds
UBERstrats
10:47 Feudal Age
14:28 Castle Age
12:31 Double-Bit Axe
13:00 Horse Collar
15:35 Bow Saw
17:51 Loom
19:41 Heavy Plow
21:06 Wheelbarrow
23:18 Scale Barding Armor
24:10 Hand Cart
25:25 Chain Barding Armor
26:06 Forging
27:56 Iron Casting
28:07 Bloodlines
28:42 Pikeman
29:22 Squires
29:44 Fletching
30:35 Husbandry
30:34 Bodkin Arrow
32:32 Ballistics
35:33 Imperial Age
34:47 Masonry
35:01 Padded Archer Armor
35:20 Elite Skirmisher
40:57 Leather Archer Armor
40:42 Scale Mail Armor
41:43 Blast Furnace
41:19 Plate Barding Armor
41:54 Crop Rotation
42:10 Fortified Wall
43:01 Chemistry
43:52 Two-Man Saw
44:04 Ring Archer Armor
47:31 Chain Mail Armor
47:16 Halberdier
Connection lost

Rejoining the realm…

Still unreachable

The connection could not be restored.

Session expired

The server has moved on; the page needs a fresh start.